General information
- name: BNet
- type: Ladder team game (AT/RT)
- host: Battle.net
- saver: JakesMoobs
map: TwilightRuins
- players: 8
- length: 59:23
- speed: Fast
- version: 1.26 W3XP
- replay type: Public
» download(299 KB)
Players
team 1 (loser)
domthot (
purple | 30 APM | 456 actions | 15:07)
4 Priestess of the Moon
2 Searing Arrows
2 Trueshot Aura
» actions
| Build / train | 48 | |
| Enter build submenu | 15 | |
| Enter hero's abilities submenu | 4 | |
| Remove unit from queue | 6 | |
| Right click | 232 | |
| Select / deselect | 131 | |
| Use ability | 20 | |
456 total
» units
| Wisp | 9 | |
| Huntress | 7 | |
| Hippogryph | 8 | |
| Chimaera | 8 | |
32 total
» upgrades
| Upgrade Moon Glaive | 1 | |
| Corrosive Breath | 1 | |
2 total
» buildings
| Moon Well | 6 | |
| Altar of Elders | 1 | |
| Hunter's Hall | 1 | |
| Ancient of War | 1 | |
| Tree of Ages | 1 | |
| Tree of Life | 2 | |
| Tree of Eternity | 1 | |
| Ancient of Wind | 1 | |
| Chimaera Roost | 2 | |
16 total
» build order
00:24 Moon Well
00:51 Altar of Elders
01:26 Hunter's Hall
01:49 Ancient of War
02:06 Moon Well
02:55 Tree of Ages
03:49 Moon Well
05:30 Tree of Life
05:45 Moon Well
05:52 Tree of Eternity
06:39 Ancient of Wind
06:51 Moon Well
08:38 Chimaera Roost
08:41 Chimaera Roost
08:57 Tree of Life
09:29 Moon Well
» items
Lagchamp (
green | 105 APM | 1517 actions | 14:27)
3 Mountain King
2 Storm Bolt
1 Bash
» actions
| Assign group hotkey | 94 | |
| Basic commands | 12 | |
| Build / train | 85 | |
| ESC pressed | 2 | |
| Enter build submenu | 28 | |
| Enter hero's abilities submenu | 3 | |
| Give item / drop item | 1 | |
| Right click | 550 | |
| Select / deselect | 210 | |
| Select group hotkey | 455 | |
| Use ability | 76 | |
1517 total
» units
| Peasant | 12 | |
| Footman | 11 | |
| Goblin Shredder | 1 | |
| Dragonhawk Rider | 4 | |
28 total
» upgrades
| Masonry | 3 | |
| Lumber Harvesting | 1 | |
| Cloud | 1 | |
5 total
» buildings
| Altar of Kings | 1 | |
| Barracks | 1 | |
| Farm | 6 | |
| Scout Tower | 11 | |
| Lumber Mill | 1 | |
| Arcane Vault | 1 | |
| Arcane Tower | 6 | |
| Keep | 3 | |
| Town Hall | 1 | |
| Guard Tower | 14 | |
| Castle | 3 | |
| Gryphon Aviary | 2 | |
| Blacksmith | 2 | |
52 total
» build order
00:50 Altar of Kings
01:06 Barracks
01:10 Farm
01:11 Farm
01:35 Farm
01:49 Scout Tower
01:59 Lumber Mill
02:05 Arcane Vault
02:22 Arcane Tower
02:32 Farm
05:32 Keep
05:32 Keep
06:00 Town Hall
06:02 Scout Tower
06:02 Scout Tower
06:03 Scout Tower
06:03 Scout Tower
06:33 Guard Tower
06:33 Guard Tower
07:17 Guard Tower
07:17 Guard Tower
07:39 Scout Tower
07:40 Scout Tower
07:43 Scout Tower
07:44 Scout Tower
08:13 Guard Tower
08:13 Guard Tower
08:13 Guard Tower
08:14 Castle
08:14 Castle
08:14 Castle
08:34 Scout Tower
08:38 Scout Tower
08:52 Guard Tower
08:53 Guard Tower
08:53 Guard Tower
08:53 Guard Tower
09:08 Arcane Tower
09:08 Arcane Tower
10:23 Gryphon Aviary
10:44 Gryphon Aviary
13:03 Blacksmith
13:04 Blacksmith
13:39 Farm
13:42 Farm
» items
| Scroll of Regeneration | 7 | |
| Mechanical Critter | 2 | |
| Scroll of Town Portal | 2 | |
| Lesser Clarity Potion | 2 | |
| Sentry Wards | 1 | |
| Boots of Speed | 1 | |
| Periapt of Vitality | 1 | |
16 total

»
agentknox666 (
yellow | 86 APM | 5080 actions | 59:21)
6 Warden
3 Fan of Knives
3 Shadow Strike
1 Priestess of the Moon
1 Trueshot Aura
2 Mountain King
2 Bash
» actions
| Build / train | 488 | |
| Enter build submenu | 106 | |
| Enter hero's abilities submenu | 9 | |
| Give item / drop item | 5 | |
| Remove unit from queue | 28 | |
| Right click | 3072 | |
| Select / deselect | 1118 | |
| Use ability | 254 | |
5080 total
» units
| Wisp | 83 | |
| Archer | 17 | |
| Huntress | 15 | |
| Dryad | 25 | |
| Hippogryph | 21 | |
| Mountain Giant | 3 | |
| Druid of the Claw | 4 | |
| Chimaera | 4 | |
| Peasant | 100 | |
| Rifleman | 16 | |
| Knight | 7 | |
295 total
» upgrades
| Strength of the Moon | 1 | |
| Moon Armor | 1 | |
| Abolish Magic | 1 | |
| Strength of the Wild | 3 | |
| Reinforced Hides | 2 | |
| Nature's Blessing | 1 | |
| Hippogryph Taming | 2 | |
| Marksmanship | 2 | |
| Improved Bows | 2 | |
| Hardened Skin | 1 | |
| Resistant Skin | 1 | |
| Well Spring | 1 | |
| Swords | 1 | |
| Plating | 1 | |
| Gunpowder | 2 | |
| Armor | 2 | |
| Lumber Harvesting | 1 | |
| Animal War Training | 0 | |
25 total
» buildings
| Altar of Elders | 1 | |
| Moon Well | 8 | |
| Ancient of War | 1 | |
| Hunter's Hall | 1 | |
| Ancient of Wonders | 2 | |
| Ancient Protector | 11 | |
| Tree of Ages | 3 | |
| Tree of Life | 7 | |
| Ancient of Lore | 3 | |
| Ancient of Wind | 1 | |
| Tree of Eternity | 4 | |
| Chimaera Roost | 1 | |
| Arcane Tower | 3 | |
| Altar of Kings | 1 | |
| Farm | 17 | |
| Barracks | 2 | |
| Lumber Mill | 2 | |
| Blacksmith | 1 | |
| Arcane Vault | 2 | |
| Keep | 8 | |
| Town Hall | 8 | |
| Scout Tower | 17 | |
| Guard Tower | 26 | |
| Castle | 3 | |
133 total
» build order
00:09 Altar of Elders
00:13 Moon Well
00:37 Ancient of War
01:13 Moon Well
02:11 Hunter's Hall
03:00 Moon Well
03:24 Ancient of Wonders
03:53 Ancient Protector
04:53 Tree of Ages
04:53 Tree of Ages
06:11 Moon Well
06:22 Tree of Life
06:55 Ancient Protector
07:01 Ancient Protector
07:17 Ancient of Lore
07:37 Moon Well
08:01 Ancient of Wonders
09:11 Moon Well
09:57 Ancient of Wind
10:13 Ancient Protector
10:59 Moon Well
11:29 Tree of Eternity
11:29 Tree of Eternity
11:47 Ancient Protector
11:56 Ancient Protector
14:35 Ancient of Lore
14:39 Chimaera Roost
14:53 Ancient Protector
15:40 Ancient Protector
15:46 Ancient Protector
16:12 Ancient Protector
17:46 Ancient of Lore
17:54 Ancient Protector
19:29 Tree of Life
19:36 Tree of Life
20:31 Tree of Life
20:33 Tree of Life
21:42 Tree of Life
22:41 Moon Well
22:57 Arcane Tower
22:58 Arcane Tower
23:58 Altar of Kings
23:59 Farm
24:03 Farm
25:32 Barracks
25:35 Barracks
25:39 Farm
25:42 Lumber Mill
25:46 Blacksmith
26:03 Tree of Life
26:21 Farm
26:24 Farm
26:27 Farm
27:16 Arcane Vault
27:18 Farm
27:45 Farm
27:57 Keep
27:57 Keep
28:14 Town Hall
28:17 Scout Tower
28:21 Scout Tower
28:37 Scout Tower
28:40 Scout Tower
28:42 Scout Tower
28:44 Scout Tower
28:46 Scout Tower
29:17 Town Hall
29:50 Guard Tower
29:50 Guard Tower
30:11 Guard Tower
30:11 Guard Tower
30:15 Farm
30:18 Farm
30:24 Farm
30:28 Farm
30:32 Farm
30:52 Keep
30:53 Keep
31:29 Town Hall
31:35 Scout Tower
31:40 Scout Tower
31:41 Scout Tower
31:45 Scout Tower
31:55 Arcane Vault
32:03 Guard Tower
32:05 Scout Tower
32:09 Scout Tower
32:26 Farm
32:29 Farm
32:34 Farm
32:36 Guard Tower
32:36 Guard Tower
32:37 Guard Tower
32:40 Farm
32:48 Scout Tower
33:01 Guard Tower
33:01 Guard Tower
33:13 Castle
33:14 Castle
33:45 Guard Tower
34:24 Town Hall
36:25 Scout Tower
36:27 Scout Tower
36:34 Town Hall
37:02 Lumber Mill
37:19 Guard Tower
40:54 Town Hall
47:24 Town Hall
51:06 Scout Tower
52:30 Guard Tower
53:26 Town Hall
» items
| Lesser Clarity Potion | 1 | |
| Scroll of Town Portal | 1 | |
| Scroll of Regeneration | 1 | |
3 total

»
Gl0ck1nMyRarri) (
orange | 67 APM | 1009 actions | 15:02)
3 Archmage
2 Summon Water Elemental
1 Brilliance Aura
1 Blood Mage
1 Flame Strike
» actions
| Basic commands | 3 | |
| Build / train | 62 | |
| Enter build submenu | 26 | |
| Enter hero's abilities submenu | 4 | |
| Give item / drop item | 1 | |
| Right click | 647 | |
| Select / deselect | 206 | |
| Use ability | 60 | |
1009 total
» units
| Peasant | 17 | |
| Footman | 6 | |
| Rifleman | 3 | |
| Priest | 2 | |
| Mortar Team | 1 | |
| Spell Breaker | 1 | |
| Siege Engine | 1 | |
31 total
» upgrades
| Lumber Harvesting | 1 | |
| Priest Training | 1 | |
| Sorceress Training | 1 | |
| Magic Sentry | 1 | |
| Barrage | 1 | |
5 total
» buildings
| Altar of Kings | 1 | |
| Farm | 9 | |
| Barracks | 1 | |
| Arcane Vault | 1 | |
| Scout Tower | 4 | |
| Arcane Tower | 3 | |
| Blacksmith | 1 | |
| Lumber Mill | 1 | |
| Keep | 2 | |
| Town Hall | 2 | |
| Workshop | 3 | |
| Arcane Sanctum | 2 | |
| Castle | 3 | |
33 total
» build order
00:13 Altar of Kings
00:17 Farm
00:37 Barracks
01:13 Farm
01:40 Arcane Vault
01:51 Farm
02:33 Scout Tower
02:46 Scout Tower
03:03 Farm
03:05 Arcane Tower
03:24 Arcane Tower
03:29 Blacksmith
03:44 Farm
04:31 Lumber Mill
04:36 Keep
04:48 Farm
05:58 Town Hall
06:31 Scout Tower
06:32 Scout Tower
07:05 Arcane Tower
08:01 Workshop
08:05 Workshop
08:08 Workshop
09:29 Arcane Sanctum
10:51 Arcane Sanctum
11:00 Castle
11:00 Castle
12:11 Farm
12:32 Farm
12:35 Farm
14:16 Town Hall
» items
| Lesser Clarity Potion | 2 | |
| Scroll of Regeneration | 2 | |
| Ivory Tower | 4 | |
| Mantle of Intelligence +3 | 1 | |
| Circlet of Nobility | 1 | |
| Potion of Invulnerability | 1 | |
11 total
team 2 (winner)
I_Luv_Noobster (
pink | 37 APM | 2200 actions | 59:21)
5 Blademaster
2 Wind Walk
3 Critical Strike
5 Shadow Hunter
2 Serpent Ward
2 Hex
1 Healing Wave
5 Mountain King
3 Thunder Clap
1 Avatar
1 Bash
» actions
| Basic commands | 32 | |
| Build / train | 68 | |
| Enter build submenu | 28 | |
| Enter hero's abilities submenu | 14 | |
| Remove unit from queue | 3 | |
| Right click | 1505 | |
| Select / deselect | 412 | |
| Use ability | 138 | |
2200 total
» units
| Peon | 9 | |
| Troll Headhunter/Berserker | 6 | |
| Goblin Shredder | 1 | |
| Troll Witch Doctor | 5 | |
| Demolisher | 5 | |
26 total
» upgrades
| Witch Doctor Training | 2 | |
| Reinforced Defenses | 1 | |
| Berserker Upgrade | 1 | |
| Pillage | 1 | |
| Armor | 2 | |
| Ranged Weapons | 2 | |
9 total
» buildings
| Orc Burrow | 11 | |
| Altar of Storms | 1 | |
| War Mill | 1 | |
| Voodoo Lounge | 1 | |
| Stronghold | 1 | |
| Watch Tower | 9 | |
| Barracks | 1 | |
| Fortress | 1 | |
| Spirit Lodge | 1 | |
| Great Hall | 1 | |
| Altar of Kings | 1 | |
29 total
» build order
00:11 Orc Burrow
00:14 Altar of Storms
00:31 Orc Burrow
01:23 War Mill
02:05 Voodoo Lounge
02:59 Stronghold
03:02 Orc Burrow
03:07 Watch Tower
03:42 Orc Burrow
04:58 Barracks
05:23 Fortress
05:34 Spirit Lodge
10:51 Watch Tower
10:53 Watch Tower
10:56 Watch Tower
10:59 Watch Tower
11:01 Watch Tower
11:05 Watch Tower
12:47 Watch Tower
12:51 Watch Tower
21:57 Great Hall
22:08 Orc Burrow
33:22 Orc Burrow
33:59 Orc Burrow
34:01 Orc Burrow
34:03 Orc Burrow
34:05 Orc Burrow
34:07 Orc Burrow
50:40 Altar of Kings
» items
| Lesser Clarity Potion | 2 | |
| Healing Salve | 1 | |
| Orb of Lightning | 1 | |
| Scroll of Town Portal | 2 | |
| Tiny Great Hall | 1 | |
| Scroll of Speed | 1 | |
| Potion of Healing | 1 | |
| Claws of Attack +6 | 1 | |
| Potion of Invulnerability | 1 | |
11 total
JakesMoobs (
teal | 54 APM | 3210 actions | 59:23)
9 Mountain King
3 Storm Bolt
3 Bash
1 Avatar
2 Thunder Clap
4 Paladin
2 Holy Light
2 Divine Shield
» actions
| Assign group hotkey | 116 | |
| Basic commands | 299 | |
| Build / train | 154 | |
| Enter build submenu | 92 | |
| Enter hero's abilities submenu | 13 | |
| Give item / drop item | 10 | |
| Remove unit from queue | 1 | |
| Right click | 1238 | |
| Select / deselect | 576 | |
| Select group hotkey | 437 | |
| Use ability | 274 | |
3210 total
» units
| Peasant | 12 | |
| Footman | 4 | |
| Goblin Shredder | 1 | |
| Gryphon Rider | 14 | |
| Goblin Zeppelin | 5 | |
| Goblin Sapper | 28 | |
64 total
» upgrades
| Masonry | 3 | |
| Swords | 3 | |
| Armor | 5 | |
| Animal War Training | 1 | |
| Storm Hammers | 1 | |
| Cloud | 1 | |
| Gunpowder | 3 | |
| Plating | 3 | |
| Lumber Harvesting | 2 | |
| Long Rifles | 1 | |
| Defend | 1 | |
| Barrage | 1 | |
| Fragmentation Shards | 1 | |
| Flare | 1 | |
| Flak Cannons | 1 | |
28 total
» buildings
| Altar of Kings | 1 | |
| Barracks | 1 | |
| Farm | 14 | |
| Arcane Vault | 3 | |
| Keep | 1 | |
| Lumber Mill | 1 | |
| Town Hall | 4 | |
| Castle | 1 | |
| Scout Tower | 69 | |
| Guard Tower | 13 | |
| Gryphon Aviary | 6 | |
| Blacksmith | 2 | |
| Arcane Tower | 2 | |
| Workshop | 7 | |
125 total
» build order
00:49 Altar of Kings
00:51 Barracks
00:53 Farm
00:54 Farm
01:04 Farm
01:35 Farm
03:11 Arcane Vault
03:30 Keep
04:01 Lumber Mill
04:17 Town Hall
05:54 Castle
06:06 Scout Tower
06:07 Scout Tower
06:08 Scout Tower
06:08 Scout Tower
07:05 Guard Tower
07:23 Gryphon Aviary
07:24 Gryphon Aviary
07:53 Gryphon Aviary
07:54 Gryphon Aviary
07:55 Gryphon Aviary
07:56 Gryphon Aviary
07:59 Blacksmith
08:18 Blacksmith
08:52 Farm
11:38 Scout Tower
11:40 Scout Tower
11:40 Scout Tower
11:41 Scout Tower
11:41 Scout Tower
11:42 Scout Tower
11:43 Scout Tower
11:44 Scout Tower
11:46 Scout Tower
11:47 Scout Tower
11:48 Scout Tower
11:49 Scout Tower
14:43 Guard Tower
15:37 Farm
15:37 Farm
15:37 Farm
15:38 Farm
17:33 Scout Tower
17:34 Scout Tower
17:34 Scout Tower
17:34 Scout Tower
17:36 Scout Tower
17:36 Scout Tower
17:36 Scout Tower
17:41 Scout Tower
17:41 Scout Tower
17:42 Scout Tower
17:42 Scout Tower
17:43 Scout Tower
17:44 Scout Tower
17:45 Scout Tower
18:33 Guard Tower
18:36 Guard Tower
18:37 Farm
18:38 Farm
18:38 Farm
18:39 Farm
18:39 Farm
18:47 Guard Tower
19:33 Scout Tower
19:33 Scout Tower
19:33 Scout Tower
19:34 Scout Tower
19:34 Scout Tower
19:35 Scout Tower
19:36 Scout Tower
20:40 Guard Tower
21:33 Town Hall
21:36 Scout Tower
21:36 Scout Tower
21:36 Scout Tower
21:37 Scout Tower
21:37 Scout Tower
21:38 Scout Tower
21:39 Scout Tower
22:08 Guard Tower
29:08 Guard Tower
30:18 Town Hall
30:21 Scout Tower
30:21 Scout Tower
30:22 Scout Tower
30:22 Scout Tower
30:25 Scout Tower
30:27 Scout Tower
30:27 Scout Tower
30:27 Scout Tower
30:28 Scout Tower
30:30 Scout Tower
30:30 Scout Tower
30:32 Scout Tower
30:38 Arcane Vault
30:58 Guard Tower
31:21 Guard Tower
31:49 Guard Tower
32:28 Arcane Tower
33:25 Workshop
33:25 Workshop
33:26 Workshop
33:30 Workshop
33:30 Workshop
33:32 Workshop
33:33 Workshop
37:49 Town Hall
37:53 Scout Tower
37:53 Scout Tower
37:54 Scout Tower
37:54 Scout Tower
37:57 Scout Tower
37:57 Scout Tower
37:57 Scout Tower
38:00 Arcane Vault
38:50 Guard Tower
38:52 Guard Tower
38:53 Arcane Tower
» items
| Mechanical Critter | 3 | |
| Scroll of Regeneration | 5 | |
| Lesser Clarity Potion | 2 | |
| Sentry Wards | 1 | |
| Boots of Speed | 2 | |
| Periapt of Vitality | 1 | |
| Scroll of Town Portal | 4 | |
| Staff of Sanctuary | 1 | |
| Staff of Teleportation | 1 | |
| Pendant of Energy | 2 | |
| Wand of Illusion | 1 | |
| Potion of Healing | 1 | |
| Potion of Greater Healing | 1 | |
| Potion of Invulnerability | 1 | |
| Ring of Protection +3 | 1 | |
| Talisman of Evasion | 1 | |
28 total

»
supergreen (
red | 111 APM | 2881 actions | 25:50)
7 Mountain King
3 Storm Bolt
3 Bash
1 Avatar
6 Dark Ranger
3 Silence
2 Black Arrow
1 Charm
» actions
| Assign group hotkey | 34 | |
| Basic commands | 141 | |
| Build / train | 107 | |
| ESC pressed | 2 | |
| Enter build submenu | 30 | |
| Enter hero's abilities submenu | 13 | |
| Give item / drop item | 1 | |
| Right click | 888 | |
| Select / deselect | 558 | |
| Select group hotkey | 1019 | |
| Use ability | 88 | |
2881 total
» units
| Peasant | 13 | |
| Footman | 7 | |
| Mortar Team | 5 | |
| Goblin Shredder | 2 | |
| Priest | 8 | |
| Knight | 5 | |
| Siege Engine | 8 | |
| Flying Machine | 6 | |
54 total
» upgrades
| Defend | 1 | |
| Masonry | 2 | |
| Lumber Harvesting | 1 | |
| Gunpowder | 3 | |
| Priest Training | 2 | |
| Plating | 2 | |
| Fragmentation Shards | 1 | |
| Barrage | 1 | |
| Animal War Training | 2 | |
| Swords | 2 | |
| Flak Cannons | 1 | |
18 total
» buildings
| Altar of Kings | 1 | |
| Barracks | 1 | |
| Farm | 12 | |
| Town Hall | 5 | |
| Keep | 4 | |
| Lumber Mill | 1 | |
| Arcane Vault | 1 | |
| Blacksmith | 1 | |
| Castle | 1 | |
| Workshop | 2 | |
| Arcane Sanctum | 1 | |
| Scout Tower | 4 | |
| Guard Tower | 3 | |
37 total
» build order
00:05 Altar of Kings
00:11 Barracks
00:20 Farm
00:46 Farm
01:47 Farm
02:44 Farm
03:33 Town Hall
03:35 Town Hall
04:12 Keep
04:12 Keep
04:12 Keep
04:41 Lumber Mill
04:47 Arcane Vault
05:29 Blacksmith
05:42 Farm
06:37 Castle
06:42 Workshop
07:13 Workshop
07:39 Arcane Sanctum
09:38 Farm
09:39 Farm
09:39 Farm
10:08 Farm
10:08 Farm
10:09 Farm
11:33 Farm
16:34 Town Hall
19:21 Scout Tower
19:22 Scout Tower
19:23 Scout Tower
19:25 Scout Tower
19:49 Guard Tower
21:50 Guard Tower
21:51 Guard Tower
22:27 Town Hall
23:02 Town Hall
» items
| Scroll of Regeneration | 4 | |
| Lesser Clarity Potion | 2 | |
| Circlet of Nobility | 1 | |
| Potion of Lesser Invulnerability | 1 | |
| Periapt of Vitality | 1 | |
| Staff of Sanctuary | 1 | |
| Scroll of Town Portal | 1 | |
| Orb of Fire | 1 | |
12 total
1.Fuk.Up.I.TK (
blue | 25 APM | 369 actions | 15:03)
3 Mountain King
2 Storm Bolt
1 Bash
» actions
| Build / train | 43 | |
| Enter build submenu | 16 | |
| Enter hero's abilities submenu | 3 | |
| Right click | 132 | |
| Select / deselect | 136 | |
| Use ability | 39 | |
369 total
» units
» upgrades
| Masonry | 3 | |
| Lumber Harvesting | 2 | |
| Storm Hammers | 1 | |
| Swords | 2 | |
| Armor | 2 | |
10 total
» buildings
| Farm | 11 | |
| Lumber Mill | 1 | |
| Keep | 1 | |
| Altar of Kings | 1 | |
| Scout Tower | 3 | |
| Guard Tower | 3 | |
| Castle | 1 | |
| Gryphon Aviary | 2 | |
| Blacksmith | 1 | |
| Town Hall | 1 | |
25 total
» build order
00:30 Farm
00:33 Farm
00:58 Lumber Mill
02:38 Keep
02:50 Altar of Kings
03:07 Scout Tower
03:09 Scout Tower
03:10 Scout Tower
03:44 Guard Tower
04:01 Guard Tower
04:10 Farm
04:13 Farm
04:14 Farm
04:15 Farm
04:17 Farm
04:44 Guard Tower
05:12 Farm
05:13 Farm
05:16 Castle
06:19 Gryphon Aviary
06:27 Gryphon Aviary
06:35 Blacksmith
08:34 Farm
08:36 Farm
10:51 Town Hall
Chat log
(00:05 / All) Gl0ck1nMyRarri): XD
(00:06 / All) 1.Fuk.Up.I.TK: lel
(00:09 / Allies) 1.Fuk.Up.I.TK: gryphs here
(00:10 / Allies) 1.Fuk.Up.I.TK: fast tech
(00:12 / Allies) 1.Fuk.Up.I.TK: ALL TOWER
(00:17 / All) JakesMoobs: sooo randumb XD
(00:22 / Allies) 1.Fuk.Up.I.TK: not responsible for allies who don't tower
(00:24 / All) JakesMoobs: im such a neeerrddd
(00:34 / All) Lagchamp: do you browse reddit XD
(00:35 / All) 1.Fuk.Up.I.TK: chill guy
(00:44 / All) JakesMoobs: i got lots of karmas
(00:48 / All) agentknox666: teal is a quitter
(00:51 / All) 1.Fuk.Up.I.TK: lmao
(01:00 / All) JakesMoobs: from all the upboats I receive
(01:11 / Allies) 1.Fuk.Up.I.TK: fast tech
(01:12 / Allies) 1.Fuk.Up.I.TK: gryphs
(01:14 / Allies) 1.Fuk.Up.I.TK: all tower
(01:22 / Allies) JakesMoobs: I also am griffs
(01:28 / Allies) 1.Fuk.Up.I.TK: don't keep idle workers @pink
(01:31 / Allies) 1.Fuk.Up.I.TK: that was a close call
(01:39 / Allies) 1.Fuk.Up.I.TK: you know how I am about fuck ups
(01:54 / Allies) 1.Fuk.Up.I.TK: pink can you go melee bro pls?
(02:08 / All) 1.Fuk.Up.I.TK: my grandma was my valentine
(02:12 / All) 1.Fuk.Up.I.TK: <3 granma
(02:24 / All) agentknox666: i love ur granma blue
(02:28 / All) 1.Fuk.Up.I.TK: nice
(02:30 / All) 1.Fuk.Up.I.TK: I like that
(02:37 / All) 1.Fuk.Up.I.TK: hope you like Glock pistols too
(03:25 / Allies) 1.Fuk.Up.I.TK: bruh
(03:30 / Allies) 1.Fuk.Up.I.TK: pop up some towers
(03:33 / Allies) JakesMoobs: I will
(03:34 / Allies) 1.Fuk.Up.I.TK: RED
(03:36 / Allies) 1.Fuk.Up.I.TK: AKE TOWER
(03:37 / Allies) 1.Fuk.Up.I.TK: MAKE
(03:38 / Allies) 1.Fuk.Up.I.TK: TOWERS
(03:38 / Allies) 1.Fuk.Up.I.TK: OMG
(03:51 / Allies) 1.Fuk.Up.I.TK: i don't like fuck ups okay
(03:54 / Allies) 1.Fuk.Up.I.TK: Rectify that shit
(04:10 / All) Lagchamp: nice mh
(04:18 / All) 1.Fuk.Up.I.TK: who
(04:19 / All) 1.Fuk.Up.I.TK: who does
(04:22 / All) 1.Fuk.Up.I.TK: Pink?
(04:24 / All) Lagchamp: Pink goes straight for my expo
(04:27 / All) Lagchamp: as soon as I go to expand there
(04:31 / All) Lagchamp: his level 1 bm goes STAIGHT there
(04:33 / All) 1.Fuk.Up.I.TK: dude chill
(04:39 / All) Lagchamp: he could go anywhere to creep
(04:40 / All) Lagchamp: but no
(04:41 / All) 1.Fuk.Up.I.TK: he just inspecting
(04:42 / All) Lagchamp: he goes to where I am
(04:45 / All) 1.Fuk.Up.I.TK: bruh
(04:49 / All) Lagchamp: lol
(04:50 / All) 1.Fuk.Up.I.TK: so maphack back
(05:02 / All) 1.Fuk.Up.I.TK: google zmap
(05:04 / All) 1.Fuk.Up.I.TK: fhack lite
(05:07 / All) 1.Fuk.Up.I.TK: YHack
(06:03 / All) I_Luv_Noobster: oh u map hack
(06:05 / All) I_Luv_Noobster: go to my base
(06:07 / All) 1.Fuk.Up.I.TK: I told pink to tower
(06:10 / All) 1.Fuk.Up.I.TK: and he didn;t
(06:13 / All) 1.Fuk.Up.I.TK: now he dies
(06:46 / Allies) 1.Fuk.Up.I.TK: I brd Pink
(07:21 / All) Lagchamp: Blue and pink are retards lol
(07:23 / All) I_Luv_Noobster: u fuking map hack
(07:26 / All) Lagchamp: pink going fucking serpent ward
(07:35 / All) 1.Fuk.Up.I.TK: why am I a retard bruh
(07:47 / All) 1.Fuk.Up.I.TK: lmao
(07:54 / All) Lagchamp: Granny fucker retard
(07:55 / All) 1.Fuk.Up.I.TK: dude said pink and blue are retards
(07:56 / All) 1.Fuk.Up.I.TK: lmao
(08:03 / All) 1.Fuk.Up.I.TK: awww is some jel?
(08:07 / All) Lagchamp: I can tell you have a subsaharan african iq
(08:12 / All) 1.Fuk.Up.I.TK: lmao
(08:18 / All) 1.Fuk.Up.I.TK: ey bruh chill out with that shit
(09:22 / Allies) 1.Fuk.Up.I.TK: lmao
(09:29 / All) 1.Fuk.Up.I.TK: we fucking FOUND you
(09:40 / All) I_Luv_Noobster: blue he said u map hack
(09:44 / All) 1.Fuk.Up.I.TK: lmao
(09:48 / All) Gl0ck1nMyRarri): LOL
(09:52 / All) 1.Fuk.Up.I.TK: lel
(11:18 / Allies) supergreen: ahh
(11:18 / Allies) 1.Fuk.Up.I.TK: wut
(11:21 / Allies) 1.Fuk.Up.I.TK: chill out bruh
(11:27 / Allies) I_Luv_Noobster: pur
(11:28 / Allies) 1.Fuk.Up.I.TK: I dont like maxx # of pings
(11:32 / Allies) I_Luv_Noobster: teal
(11:35 / Allies) I_Luv_Noobster: togthewr with me
(11:40 / Allies) 1.Fuk.Up.I.TK: I come too bruh
(12:16 / All) 1.Fuk.Up.I.TK: heeell to the nawww
(12:19 / All) 1.Fuk.Up.I.TK: fuck that shit
(12:28 / Allies) I_Luv_Noobster: tp help me
(12:43 / Allies) 1.Fuk.Up.I.TK: brd
(12:50 / All) Gl0ck1nMyRarri): |GG
(12:51 / All) Gl0ck1nMyRarri): LOL
(12:54 / All) 1.Fuk.Up.I.TK: why bruh
(13:02 / Allies) 1.Fuk.Up.I.TK: kill m
(13:03 / Allies) 1.Fuk.Up.I.TK: mk
(13:03 / Allies) 1.Fuk.Up.I.TK: mk
(13:05 / All) Gl0ck1nMyRarri): mass gryphon give me the dick
(13:13 / All) 1.Fuk.Up.I.TK: is green afk?
(13:14 / All) Gl0ck1nMyRarri): my ass hurts
(13:20 / All) Gl0ck1nMyRarri): ty for raping me
(13:24 / All) 1.Fuk.Up.I.TK: lmao
(14:20 / All) agentknox666: 3k gold for green
(14:22 / All) agentknox666: hahaha
(14:24 / All) 1.Fuk.Up.I.TK: LMAO
(14:27 / All) Gl0ck1nMyRarri): 3k lol
(14:27 / All) agentknox666: why even play?
(14:32 / All) 1.Fuk.Up.I.TK: sry Glock
(14:37 / All) 1.Fuk.Up.I.TK: hope next game we on same team
(14:44 / All) I_Luv_Noobster: we map hack him
(14:53 / All) Gl0ck1nMyRarri): LOL
(14:54 / All) Gl0ck1nMyRarri): GG
(14:56 / All) 1.Fuk.Up.I.TK: gg
(14:57 / All) 1.Fuk.Up.I.TK: wp
(14:59 / All) Gl0ck1nMyRarri): meet you in channel
(15:43 / Allies) JakesMoobs: lumber?
(15:59 / Allies) supergreen: ...
(23:36 / Allies) supergreen: stop teaming me faggots
(25:43 / Allies) supergreen: fucking neerd
(25:49 / Allies) supergreen: im not wasting my time on this shit
(27:25 / Allies) I_Luv_Noobster: yopu man
(31:45 / Allies) I_Luv_Noobster: teal
(31:47 / Allies) I_Luv_Noobster: finish it or not
(31:48 / Allies) I_Luv_Noobster: man
(31:52 / Allies) I_Luv_Noobster: else i quit now
(31:59 / Allies) JakesMoobs: do what you gotta do bro
(32:08 / Allies) I_Luv_Noobster: i need u bro
(32:13 / Allies) JakesMoobs: I'm chillin
(40:30 / Allies) JakesMoobs: why you ran from botl
(40:46 / Allies) I_Luv_Noobster: it's okay
(40:48 / Allies) I_Luv_Noobster: give him time
(53:54 / All) I_Luv_Noobster: gg?
(53:57 / All) JakesMoobs: nope
(56:04 / All) I_Luv_Noobster: gg now green??